 Dungeon Crawl Stone Soup version 0.20.0-15-g7f486f2 (webtiles) character file.

9000 Reinor the Thaumaturge (level 11, 0/52 HPs)
             Began as a Spriggan Earth Elementalist on June 11, 2017.
             Was an Elder of Vehumet.
             Slain by a water elemental (8 damage)
             ... on level 11 of the Dungeon.
             The game lasted 00:45:32 (13705 turns).

Reinor the Thaumaturge (SpEE)                      Turns: 13705, Time: 00:45:33

Health: 0/52       AC:  6    Str:  4    XL:     11   Next: 17%
Magic:  34/36      EV: 26    Int: 20    God:    Vehumet [****..]
Gold:   344        SH:  0    Dex: 21    Spells: 14/32 levels left

rFire    . . .     SeeInvis +   P - +4 scimitar (flame)
rCold    + . .     Gourm    .   (shield restricted)
rNeg     . . .     Faith    .   F - +1 robe "Lovod" {rC+} (curse)
rPois    .         Spirit   .   S - +2 hat
rElec    .         Reflect  .   l - +0 cloak
rCorr    .         Harm     .   (gloves unavailable)
MR       +....                  (boots unavailable)
Stlth    +++.......             (no amulet)
Regen    0.2/turn               p - +4 ring of dexterity
MPRegen  0.3/turn               N - ring of magical power

@: engulfed (cannot breathe), very quick
A: unfitting armour, see invisible, herbivore 3, speed 3, slow metabolism 2
a: Renounce Religion


You were on level 11 of the Dungeon.
You worshipped Vehumet.
Vehumet was greatly pleased with you.
You were not hungry.

You visited 2 branches of the dungeon, and saw 12 of its levels.
You also visited: Sewer.

You collected 805 gold pieces.
You spent 461 gold pieces at shops.

Inventory:

Hand Weapons
 M - a +0 blowgun
 P - a +4 scimitar of flaming (weapon)
Missiles
 s - 27 poisoned needles
 D - 96 stones (quivered)
Armour
 h - a +1 robe of fire resistance
 l - a +0 cloak (worn)
 E - a +2 robe of cold resistance
 F - the cursed +1 robe "Lovod" (worn) {rC+}
   (You found it on level 8 of the Dungeon)

   It protects you from cold.
   It has a curse placed upon it.
 S - a +2 hat (worn)
Jewellery
 p - a +4 ring of dexterity (left hand)
 N - a ring of magical power (right hand)
Wands
 c - a wand of confusion (32/48)
 q - a wand of paralysis (12/24)
 G - a wand of random effects (39/48)
 K - a wand of lightning (8/15)
 L - a wand of lightning (8/15)
Scrolls
 b - a scroll of fog
 f - 8 scrolls of teleportation
 g - 5 scrolls of identify
 n - 2 scrolls of blinking
 o - 2 scrolls of recharging
 u - 4 scrolls of fear
 v - 2 scrolls of enchant armour {unknown}
 x - a scroll of amnesia
 y - 3 scrolls of remove curse
 C - a scroll of magic mapping {unknown}
 H - a scroll of vulnerability {unknown}
 O - a scroll of torment {unknown}
 Q - a scroll of immolation
Potions
 a - 2 potions of brilliance
 e - 7 potions of curing
 i - 2 potions of agility
 k - 2 potions of heal wounds
 m - 7 potions of flight
 r - 3 potions of might
 t - 3 potions of mutation
 w - 2 potions of haste
 A - 2 potions of magic
 B - a potion of ambrosia
 I - a potion of lignification
 J - 2 potions of berserk rage
Books
 j - a book of Conjurations

   Spells                             Type                      Level
   a - Magic Dart                     Conjuration                  1
   b - Searing Ray                    Conjuration                  2
   c - Dazzling Spray                 Conjuration/Hexes            3
   d - Fulminant Prism                Conjuration/Hexes            4
   e - Force Lance                    Conjuration/Translocation    4
   f - Iskenderun's Mystic Blast      Conjuration                  4
Comestibles
 d - 3 bread rations
 z - a fruit
 R - 2 royal jellies


   Skills:
 - Level 3.4 Fighting
 - Level 8.8 Dodging
 - Level 3.8 Stealth
 - Level 0.8 Unarmed Combat
 + Level 11.4 Spellcasting
 + Level 4.0 Conjurations
 + Level 7.4 Transmutations
 + Level 9.5 Earth Magic


You had 14 spell levels left.
You knew the following spells:

 Your Spells              Type           Power        Failure   Level  Hunger
a - Sandblast             Erth           #####.       1%          1    None
b - Passwall              Tmut/Erth      #####.....   1%          2    None
c - Stone Arrow           Conj/Erth      #####.       1%          3    None
d - Petrify               Tmut/Erth      #####...     1%          4    ##.....
e - Lee's Rapid Deconstr  Erth           #####.....   1%          5    ####...
f - Conjure Flame         Conj/Fire      ###.....     2%          3    None


Dungeon Overview and Level Annotations

Branches:
Dungeon (11/15)            Temple (1/1) D:4
   Lair: D:8-11         Orc: D:9-12

Altars:
Fedhas
Gozag
Hepliaklqana
Kikubaaqudgha
Nemelex Xobeh
Okawaru
Qazlal
Uskayaw
Vehumet
Xom
Zin
The Shining One

Shops:
D:4 *   D:7 %   D:8 ![=


Innate Abilities, Weirdness & Mutations

You are very small and have problems with some larger weapons.
You are too small for most types of armour.
You have supernaturally acute eyesight. (SInv)
You are a herbivore.
You cover ground extremely quickly.
You need consume almost no food.


Message History

Unknown command.
The killer bee completely misses you.
You riposte.
You miss the killer bee.
The killer bee is almost dead.
The electric eel shoots out a bolt of lightning at you!
The bolt of electricity hits the water elemental.
The water elemental resists.
The bolt of electricity misses you. The bolt of electricity hits you!
You catch the helpless water elemental completely off-guard!
You hit the water elemental but do no damage.
The water elemental is heavily damaged.
The water elemental misses you.
You riposte.
You hit the water elemental but do no damage.
The water elemental is heavily damaged.
You hit the water elemental. You burn the water elemental.
The water elemental is heavily damaged.
The water elemental hits you!
* * * LOW HITPOINT WARNING * * *
The water elemental engulfs you in water!
The water elemental hits you!
You die...

≈≈≈....#..
≈≈≈≈......
≈≈≈≈.≈...#
≈≈≈≈...#.#
≈≈.≈≈;†#.# #.....#
≈≈≈......# #.....#
≈≈≈.≈...a# #.....#
≈≈≈....#E# #.....#
..≈....#@# #.....#
...≈...#.###.....#
.#
.......#.........#
.#
..######.........#
.# #.
#.........####.#
#.##...........#
#.##...........#
#.##...........#
..##...........#


You could see a water elemental, a worker ant and an electric eel.

Vanquished Creatures
  Erolcha (D:11)
  Erica (D:9)
  2 two-headed ogres (D:9)
  A gargoyle (D:10)
  2 trolls (D:10)
  A wyvern (D:9)
  Eustachio (D:6)
  A hungry ghost (D:8)
  Menkaure (D:7)
  A soldier ant (D:10)
  2 water moccasins
  5 ice beasts
  5 orc warriors
  2 sky beasts
  A black bear (D:8)
  2 phantoms
  3 centaurs
  5 ogres
  2 bullfrogs (D:10)
  4 scorpions
  8 killer bees
  5 wights (D:9)
  An electric eel (D:9)
  A howler monkey (D:6)
  A bullfrog zombie (D:7)
  A centaur zombie (D:11)
  7 crimson imps
  4 orc priests
  5 hounds
  2 bullfrog skeletons
  3 jellies
  11 orc wizards
  3 centaur skeletons
  A gnoll shaman (D:6)
  10 worker ants
  5 iguanas
  A hound skeleton (D:4)
  A howler monkey skeleton (D:4)
  A worker ant zombie (D:6)
  12 adders
  4 gnolls (D:6)
  2 shadow imps
  3 oozes (Sewer)
  An adder skeleton (D:7)
  An adder zombie (D:7)
  9 worms
  A dart slug (D:3)
  8 leopard geckos
  32 orcs
  13 bats
  6 giant cockroaches
  8 goblins
  12 hobgoblins
  12 jackals
  6 kobolds
  11 quokkas
  6 ball pythons
  3 frilled lizards
  2 jackal skeletons
  9 rats
275 creatures vanquished.

Notes
Turn   | Place    | Note
-------+----------+-------------------------------------------
     0 | D:1      | Reinor the Spriggan Earth Elementalist began the quest for the Orb.
     0 | D:1      | Reached XP level 1. HP: 9/9 MP: 5/5
   909 | D:2      | Found a blossoming altar of Fedhas.
   951 | D:2      | Reached XP level 2. HP: 8/13 MP: 2/6
   992 | D:2      | Learned a level 2 spell: Passwall
  1922 | D:2      | Reached XP level 3. HP: 16/16 MP: 4/8
  1941 | D:2      | Reached skill level 3 in Spellcasting
  2002 | D:2      | Learned a level 3 spell: Stone Arrow
  2646 | D:3      | Reached XP level 4. HP: 18/21 MP: 3/9
  2754 | D:3      | Found a glowing drain.
  2783 | Sewer    | Entered a sewer
  3387 | Sewer    | Reached skill level 4 in Spellcasting
  3503 | D:3      | Reached XP level 5. HP: 15/24 MP: 5/12
  4523 | D:4      | Reached XP level 6. HP: 26/28 MP: 7/14
  4572 | D:4      | Reached skill level 5 in Spellcasting
  4642 | D:4      | Found a staircase to the Ecumenical Temple.
  4649 | Temple   | Entered the Ecumenical Temple
  4670 | Temple   | Became a worshipper of Vehumet
  4754 | D:4      | Reached skill level 5 in Dodging
  4768 | D:4      | Found Qusu Zim's Assorted Antiques.
  4773 | D:4      | Bought a scroll labeled YDWELI SIVOC for 20 gold pieces
  4773 | D:4      | Bought a scroll of identify for 40 gold pieces
  4773 | D:4      | Bought a yellow potion for 18 gold pieces
  4773 | D:4      | Bought a scroll labeled ROPUXI DELOSCHU for 20 gold pieces
  4773 | D:4      | Bought a scroll labeled YDWELI SIVOC for 20 gold pieces
  5078 | D:5      | Entered Level 5 of the Dungeon
  5156 | D:5      | Noticed a sky beast
  5164 | D:5      | Reached skill level 5 in Earth Magic
  5164 | D:5      | Reached XP level 7. HP: 32/32 MP: 11/16
  5290 | D:5      | Reached skill level 6 in Spellcasting
  5360 | D:5      | Learned a level 4 spell: Petrify
  5366 | D:5      | Learned a level 5 spell: Lee's Rapid Deconstruction
  5529 | D:5      | Found a shimmering altar of Xom.
  5591 | D:5      | Reached skill level 7 in Spellcasting
  5591 | D:5      | Reached XP level 8. HP: 36/36 MP: 1/19
  5807 | D:5      | Reached * piety under Vehumet
  5807 | D:5      | Offered knowledge of Shock by Vehumet.
  6439 | D:6      | Noticed Eustachio
  7157 | D:6      | Reached skill level 8 in Spellcasting
  7315 | D:6      | Killed Eustachio
  8067 | D:6      | Reached skill level 1 in Conjurations
  8067 | D:6      | Reached XP level 9. HP: 26/39 MP: 4/22
  8417 | D:6      | Offered knowledge of Magic Dart by Vehumet.
  8487 | D:7      | Reached ** piety under Vehumet
  8852 | D:7      | Found Paor's Food Emporium.
  8876 | D:7      | Found an iron altar of Okawaru.
  9568 | D:7      | Offered knowledge of Inner Flame by Vehumet.
  9733 | D:7      | Noticed Menkaure
  9739 | D:7      | Killed Menkaure
  9750 | D:7      | Reached skill level 9 in Spellcasting
 10027 | D:7      | Reached skill level 1 in Fighting
 10261 | D:8      | Found Turhat's Antique Armour Shoppe.
 10269 | D:8      | Bought a glowing robe for 96 gold pieces
 10299 | D:8      | Got a wizard robe
 10310 | D:8      | Identified the cursed +1 robe "Lovod" {rC+} (You found it on level 8 of the Dungeon)
 10384 | D:8      | Reached *** piety under Vehumet
 10512 | D:8      | Found a shimmering altar of Xom.
 10514 | D:8      | Found a glowing golden altar of the Shining One.
 10519 | D:8      | Found a blossoming altar of Fedhas.
 10519 | D:8      | Found a stormy altar of Qazlal.
 10522 | D:8      | Found a sparkling altar of Nemelex Xobeh.
 10548 | D:8      | Found Myroad Hoist's Distillery.
 10565 | D:8      | Bought a potion of lignification for 39 gold pieces
 10565 | D:8      | Bought a potion of mutation for 104 gold pieces
 10565 | D:8      | Bought a potion of berserk rage for 65 gold pieces
 10565 | D:8      | Bought a potion of curing for 39 gold pieces
 10653 | D:8      | Found Syryxt's Jewellery Shoppe.
 11265 | D:9      | Noticed a two-headed ogre
 11292 | D:9      | Killed a two-headed ogre
 11292 | D:9      | Reached skill level 10 in Spellcasting
 11292 | D:9      | Reached XP level 10. HP: 49/49 MP: 13/25
 11573 | D:9      | Offered knowledge of Airstrike by Vehumet.
 11815 | D:9      | Noticed Erica
 11826 | D:9      | Killed Erica
 11826 | D:9      | Reached skill level 5 in Transmutations
 12017 | D:9      | Noticed a two-headed ogre
 12034 | D:9      | Killed a two-headed ogre
 12276 | D:10     | Entered Level 10 of the Dungeon
 12388 | D:10     | Reached skill level 11 in Spellcasting
 12666 | D:10     | Reached **** piety under Vehumet
 12829 | D:10     | Noticed a gargoyle
 12835 | D:10     | Killed a gargoyle
 13028 | D:10     | Offered knowledge of Conjure Flame by Vehumet.
 13195 | D:10     | Learned a level 3 spell: Conjure Flame
 13298 | D:10     | Reached XP level 11. HP: 52/52 MP: 23/27
 13311 | D:11     | Noticed Erolcha
 13325 | D:11     | Killed Erolcha
 13705 | D:11     | Slain by a water elemental

Skill      XL: |  1  2  3  4  5  6  7  8  9 10 11 |
---------------+----------------------------------+-----
Earth Magic    | 3 4 5 6 8 9 |  9.5
Spellcasting   | 3 4 5 7 8 10 11 | 11.4
Dodging        | 4 5 7 8 |  8.8
Transmutations | 3 4 6 7 |  7.4
Conjurations   | 1 2 3 4 |  4.0
Fighting       | 3 |  3.4
Stealth        | |  3.8
Unarmed Combat | |  0.8

Action                   |  1- 3 |  4- 6 |  7- 9 | 10-12 || total
-------------------------+-------+-------+-------+-------++-------
Melee: Unarmed           |   137 |    85 |    76 |       ||   298
       Punch             |       |     1 |       |       ||     1
       Scimitar          |       |       |       |    62 ||    62
       Spear             |       |       |       |     8 ||     8
 Cast: Sandblast         |    44 |   138 |    76 |    40 ||   298
       Stone Arrow       |       |       |   156 |    66 ||   222
       Passwall          |       |       |     5 |     4 ||     9
       Conjure Flame     |       |       |       |     1 ||     1
  Use: Scroll            |     8 |     8 |     5 |     2 ||    23
       Potion            |       |     2 |       |       ||     2
 Stab: Sleeping          |     7 |     7 |     1 |     5 ||    20
       Distracted        |     1 |       |       |     1 ||     2
  Eat: Royal jelly       |       |     1 |     1 |       ||     2
       Bread ration      |       |       |     1 |       ||     1
Armor: Robe              |    17 |    22 |    14 |     5 ||    58
Dodge: Dodged            |   134 |   138 |   177 |   140 ||   589
       Rpst.: Scimitar   |       |       |       |    34 ||    34
